 Dungeon Crawl Stone Soup version 0.31-a0-1529-g7bd419a0e5 (webtiles) character file.

Game seed: 12140462770233952304

34 Flugkiller the Conjurer (level 3, -2/24 (30) HPs)
             Began as an Armataur Reaver on Jan 1, 2024.
             Slain by Sigmund
             ... wielding a +0 scythe
              (10 damage)
             ... on level 2 of the Dungeon.
             The game lasted 00:02:48 (832 turns).

Flugkiller the Conjurer (Armataur Reaver)            Turns: 832, Time: 00:02:48

HP:   -2/24 (30)    AC:  4    Str: 18 (19) XL:     3   Next: 14%
MP:   5/6           EV:  9    Int: 12 (13) God:
Gold: 30            SH:  0    Dex:  7 (8)  Spells: 5/6 levels left

rFire   . . .        a - +0 mace
rCold   . . .        (no shield)
rNeg    . . .        b - +0 leather armour
rPois   .            (no helmet)
rElec   .            (no cloak)
rCorr   .            (no gloves)
SInv    .            (no barding)
Will    .....        (no amulet)
Stlth   +            (no ring)
HPRegen 0.24/turn    (no ring)
MPRegen 0.10/turn

%: roll
@: heavily drained
A: large, deformed body, tough skin 3, armoured tail, roll 1
a: no special abilities


You were on level 2 of the Dungeon.
You visited 1 branch of the dungeon, and saw 2 of its levels.

You collected 30 gold pieces.

Inventory:

Hand Weapons
 a - a +0 mace (weapon)
Missiles
 f - 6 poisoned darts
Armour
 b - a +0 leather armour (worn)
Scrolls
 c - a scroll of enchant armour {unknown}
 g - a scroll of revelation
 i - a scroll of teleportation {unknown}
 j - a scroll of enchant weapon {unknown}
Potions
 e - 2 potions of mutation {unknown}
 h - 2 potions of degeneration
 k - a potion of brilliance {unknown}
 q - a potion of curing


   Skills:
 + Level 2.6 Fighting
 - Level 2.6 Maces & Flails
 - Level 1.3 Dodging
 - Level 2.0 Spellcasting
 - Level 3.0 Conjurations
 - Level 1.0 Translocations


You had 5 spell levels left.
You knew the following spells:

 Your Spells              Type           Power      Damage    Failure   Level
a - Kiss of Death         Conj/Necr      16%        2d6       17%         1

Your spell library contained the following spells:

 Spells                   Type           Power      Damage    Failure   Level
 Momentum Strike          Conj/Tloc      12%        3d8       22%         2
 Hailstorm                Conj/Ice       4%         3d5       45%         3
 Gell's Gravitas          Tloc           3%         N/A       54%         3
 Teleport Other           Tloc           3%         N/A       54%         3
 Dispersal                Tloc           1%         N/A       100%        6


Dungeon Overview and Level Annotations

Branches:
Dungeon (2/15) Zot: 11145

Altars:
Xom

Annotations:
D:2 Sigmund


Innate Abilities, Weirdness & Mutations

Armour fits poorly on your strangely shaped body.
You have extremely tough skin. (AC +3)
You have a long armoured tail.
You regenerate magic when rolling toward enemies. (Rampage MPRegen)


Message History

You thump the adder!
The adder is severely wounded.
The adder bites you.
You are poisoned.
The adder poisons you! The adder bites you but does no damage.
Casting: Kiss of Death (safe; 17% risk of failure)
Confirm with . or Enter, or press ? or * to list all spells.
Aiming: Kiss of Death (safe; 17% risk of failure)
Press: ? - help, Shift-Dir - straight line, f - adder
Aim: an adder (severely wounded, 100% to hit)
You miscast Kiss of Death.
You are very lightly contaminated with residual magic.
Nothing appears to happen.
You feel sick. The adder bites you.
You are more poisoned.
The adder poisons you!
Casting: Kiss of Death (safe; 17% risk of failure)
Confirm with . or Enter, or press ? or * to list all spells.
Aiming: Kiss of Death (safe; 17% risk of failure)
Press: ? - help, Shift-Dir - straight line, f/p - adder
Aim: an adder (severely wounded, 100% to hit)
The negative energy hits the adder.
The adder is drained!
You kill the adder!
You feel drained.
You feel sick.
You have reached level 3!
Your experience leads to an increase in your attributes!
Increase (S)trength, (I)ntelligence, or (D)exterity?
You feel stronger. x2
Unknown command.
You feel sick.
You feel sick.
You feel sick.
You feel sick.
You feel sick.
Your magical contamination has completely faded away.
There is a stone staircase leading up here.
You feel sick.
You are no longer poisoned.
You climb upwards.
There is a stone staircase leading down here.
You start resting.
Magic restored.
You start resting.
HP restored.
You climb downwards.
There is a stone staircase leading up here.
You see here an adder corpse.
Found a ring mail.
Unknown command.
Found a hand axe.
You open the door.
There is an open door here.
An endoplasm comes into view.
You roll towards the endoplasm!
You sock the endoplasm!
You kill the endoplasm!
No target in view!
No target in view!
You see here a +0 hand axe.
Found a leather armour.
Found a stone staircase leading down.
Unknown command.
Sigmund the Dreaded comes into view.
He is wielding a +0 scythe.
Sigmund shouts!
You aren't carrying any items that you can evoke.
Unknown command.
Okay, then.
Okay, then.
Sigmund screams, "Die, monster!"
It was a potion of degeneration.
There was something very wrong with that liquid.
You feel weakened.
You feel dopey.
You feel clumsy.
It was a potion of curing.
You feel better.
q - a potion of curing Sigmund hits you from afar with a +0 scythe.
You closely miss Sigmund.
Sigmund says, "Your kind have come here before.
I understand now why.
You desire death..."
Sigmund closely misses you.
You closely miss Sigmund. Sigmund barely misses you.
You closely miss Sigmund. You tail-slap Sigmund!
Sigmund is moderately wounded.
Sigmund gestures at you while chanting. The magic dart hits you.
You closely miss Sigmund.
Sigmund is moderately wounded.
Sigmund hits you with a +0 scythe!
You are too injured to fight recklessly!
You barely miss Sigmund.
Sigmund is moderately wounded.
Sigmund gestures at you while chanting. The magic dart hits you.
* * * LOW HITPOINT WARNING * * *
Casting: Kiss of Death (safe; 17% risk of failure)
Confirm with . or Enter, or press ? or * to list all spells.
Aiming: Kiss of Death (safe; 17% risk of failure)
Press: ? - help, Shift-Dir - straight line, f - Sigmund
Aim: Sigmund, wielding a +0 scythe and wearing a +0 robe (moderately wounded, 100% to hit)
The negative energy hits Sigmund!
Sigmund is drained!
Sigmund is severely wounded.
You feel drained. Sigmund hits you with a +0 scythe!
You die...
Sigmund begins carving another notch in his scythe.

#.# **,,****** #.# *,,*,,,,,,
#.# ########## **,**,,,,,, #.###
#........#**,,**,,,,,,
#...#######.....[..#*,,***,,,,,,
###................#*,** *,,,,,,
########.........#,,* ***+*+#
##........+,** *,*.#
#....@...#** #####+#.#
######@#.# #.......# #..>#
#.......# ###.# #....<... *.#
#.......# *.#***#.......#
*..,.........## *##*###......+,
#......#*


You could see Sigmund (very drained).

Vanquished Creatures
  An adder (D:2)
  2 endoplasms
  A giant cockroach (D:1)
  4 hobgoblins (D:1)
  2 jackals (D:1)
  A quokka (D:1)
  3 ball pythons (D:1)
  2 frilled lizards (D:1)
  3 kobolds (D:1)
  6 rats
25 creatures vanquished.

Notes
Turn   | Place    | Note
-------+----------+-------------------------------------------
     0 | D:1      | Flugkiller the Armataur Reaver began the quest for the Orb.
     0 | D:1      | Reached XP level 1. HP: 17/17 MP: 3/3
    67 | D:1      | Reached skill level 3 in Conjurations
   169 | D:1      | Reached XP level 2. HP: 22/24 MP: 5/5
   270 | D:1      | Reached skill level 1 in Translocations
   648 | D:2      | Found a shimmering altar of Xom.
   655 | D:2      | Reached XP level 3. HP: 20/28 MP: 3/6
   820 | D:2      | Noticed Sigmund
   832 | D:2      | Slain by Sigmund

Illustrated notes

Levels and vault maps discovered:
D:1:      minmay_arrival_arboretum_small, layout_basic, kennysheep_minor_cross,
          st_stairs_13
D:2:      layout_basic, basic_altar, uniq_sigmund

Skill      XL: |  1  2 |
---------------+-------+-----
Conjurations   | 3 |  3.0
Fighting       | 2 |  2.6
Spellcasting   | 2 |  2.0
Translocations | 1 |  1.0
Maces & Flails | |  2.6
Dodging        | |  1.3

Action                     || total
---------------------------++-------
  Melee: Mace              ||    74
         Tailslap          ||     3
   Cast: Kiss of Death     ||     2
    Use: Scroll            ||     1
         Potion            ||     2
 Armour: Leather armour    ||    57
  Dodge: Dodged            ||    26

Table legend: (Time is in decaauts)
 A = Elapsed time spent in this place.
 B = Non-inter-level travel time spent in this place.
 C = Inter-level travel time spent in this place.
 D = Time resting spent in this place.
 E = Time spent auto-exploring this place.
 F = Levels seen in this place.
 G = Mean time per level.
                   A        B        C        D        E       F      G
               +--------+--------+--------+--------+--------+-----+--------+
         Total |    853 |    743 |    110 |     86 |    350 |   2 |  426.5 |
       Dungeon |    853 |    743 |    110 |     86 |    350 |   2 |  426.5 |
               +--------+--------+--------+--------+--------+-----+--------+

Top non-repeatable levels by time:
     D:1: 711 daAuts
     D:2: 142 daAuts
